 Dungeon Crawl Stone Soup version 0.23.0-3-gf3c87f2 (webtiles) character file.

Game seed: 12068213451006839932

4876 TBriggs11TB the Fighter (level 10, -7/83 HPs)
             Began as a Demonspawn Berserker on Feb 21, 2019.
             Was a High Priest of Trog.
             Mangled by Erica
             ... wielding a +2 scimitar of flaming
              (13 damage)
             ... on level 9 of the Dungeon.
             The game lasted 00:30:51 (11472 turns).

TBriggs11TB the Fighter (Demonspawn Berserker)     Turns: 11472, Time: 00:30:52

Health: -7/83      AC: 23    Str: 20    XL:     10   Next: 26%
Magic:  10/10      EV: 12    Int: 10    God:    Trog [*****.]
Gold:   209        SH:  0    Dex: 19    Spells: 9/9 levels left

rFire    . . .     SeeInvis .   I - +0 hand axe "Ocoineta" {protect, *Corrode MR+ Dex+3}
rCold    . . .     Gourm    .   (no shield)
rNeg     . . .     Faith    .   j - +1 scale mail
rPois    .         Spirit   .   (no helmet)
rElec    .         Reflect  .   (no cloak)
rCorr    .         Harm     .   (no gloves)
MR       +....                  s - +2 pair of boots
Stlth    ..........             (no amulet)
HPRegen  0.23/turn              i - +4 ring of dexterity
MPRegen  0.12/turn              f - +2 ring of protection

@: protection aura
A: talons 1, slimy green scales 2, demonic guardian 1
a: Berserk, Trog's Hand, Brothers in Arms, Renounce Religion


You were on level 9 of the Dungeon.
You worshipped Trog.
Trog was extremely pleased with you.
You were not hungry.

You visited 1 branch of the dungeon, and saw 9 of its levels.
You also visited: Sewer and Ossuary.

You collected 490 gold pieces.
You spent 281 gold pieces at shops.

Inventory:

Hand Weapons
 I - the +0 hand axe "Ocoineta" (weapon) {protect, *Corrode MR+ Dex+3}
   (You bought it in a shop on level 6 of the Dungeon)

   It protects the one who uses it against injury (+AC on strike).
   It affects your dexterity (+3).
   It affects your resistance to hostile enchantments.
   It may corrode you when you take damage.
 P - a +0 flail of protection
Armour
 a - a +1 hat
 d - a +0 helmet of intelligence
 j - a +1 scale mail (worn)
 s - a +2 pair of boots (worn)
Jewellery
 e - an uncursed ring of protection from cold
 f - a +2 ring of protection (right hand)
 i - a +4 ring of dexterity (left hand)
 m - a +2 ring of intelligence {unknown}
 n - an uncursed amulet of magic regeneration
 K - a +6 ring of strength {unknown}
 L - an uncursed ring of wizardry {unknown}
 O - an uncursed ring of stealth {unknown}
Wands
 b - a wand of flame (17)
 w - a wand of random effects (36)
 J - a wand of disintegration (26)
Scrolls
 g - a scroll of immolation
 k - 2 scrolls of fear
 o - 4 scrolls of teleportation
 p - 4 scrolls of fog
 r - a scroll of blinking
 y - 2 scrolls of magic mapping
 A - 5 scrolls of identify
 M - a scroll of remove curse
Potions
 h - a potion of mutation {unknown}
 l - a potion of resistance {unknown}
 q - a potion of degeneration {unknown}
 t - 3 potions of curing
 u - 2 potions of haste {unknown}
 v - 6 potions of flight
 x - 5 potions of might {unknown}
 z - a potion of brilliance {unknown}
 B - 2 potions of magic {unknown}
 C - a potion of invisibility
 E - a potion of agility {unknown}
 F - 2 potions of cancellation {unknown}
 G - 3 potions of heal wounds
 H - a potion of ambrosia {unknown}
Comestibles
 c - 14 rations


   Skills:
 + Level 9.6 Fighting
 - Level 7.8(8.5) Axes
 - Level 5.0(7.1) Maces & Flails
 - Level 4.3 Armour
 - Level 4.1 Dodging
 - Level 0.3 Stealth
 - Level 3.2 Unarmed Combat


You had 9 spell levels left.
You didn't know any spells.
Your spell library was empty.

Dungeon Overview and Level Annotations

Branches:
Dungeon (9/15)             Temple (0/1) D:7
   Lair: D:8-11         Orc: D:9-12

Altars:
Elyvilon
Fedhas
Kikubaaqudgha
Okawaru
Qazlal
Sif Muna
Yredelemnul
Zin

Shops:
D:6 :(*:!   D:8 =[*}%

Annotations:
D:9 Erica


Innate Abilities, Weirdness & Mutations

You have sharp toenails.
You are mostly covered in slimy green scales. (AC +3)
A weak demonic guardian rushes to your aid.


Message History

Your weapon exudes an aura of protection.
You hear some strange, mumbled words.
Something tries to affect you, but you resist.
You hit something. Something hits you but does no damage.
You closely miss something. Your punch misses something. You slash something!
Something hits you but does no damage.
You hit something.
You hear some strange, mumbled words.
An orb of energy appears from out of thin air!
The orb of energy hits you!
* * * LOW HITPOINT WARNING * * *
The orb of energy explodes!
You slash something! Something hits you.
* * * LOW HITPOINT WARNING * * *
Something burns you.
* * * LOW HITPOINT WARNING * * *
You hit something but do no damage. Something hits you but does no damage.
You slash something! You closely miss something. Something hits you!
You die...

.# .# ##
###########
#####.........#
+..@#.........#
###
###{#.........#
...
#.'.........#
###
###.........#
#######'###
##..# ##+
####..## #..
#....## #.#
#.####


There were no monsters in sight!

Vanquished Creatures
  Pikel (D:4)
  A troll (D:9)
  Sigmund (D:2)
  2 hogs (D:7)
  A hungry ghost (D:9)
  A human (D:7)
  5 yaks (D:7)
  Menkaure (D:4)
  Duvessa (D:4)
  2 orc warriors
  2 sky beasts
  2 black bears
  4 ogres
  2 centaurs (D:9)
  A big kobold (D:8)
  An elf zombie (Ossuary)
  A bullfrog (D:7)
  A scorpion (D:8)
  Dowan (D:4)
  2 hounds
  3 jellies
  2 bullfrog skeletons
  2 orc priests (D:8)
  2 iguanas
  5 orc wizards
  2 centaur skeletons
  8 worker ants
  A big kobold zombie (Ossuary)
  A hound zombie (D:4)
  2 hound skeletons
  3 mummies (Ossuary)
  3 worker ant zombies
  A gnoll (D:1)
  11 adders
  A shadow imp (D:8)
  2 oozes (D:2)
  An adder zombie (Ossuary)
  5 worms
  A dart slug (D:2)
  7 leopard geckos
  18 orcs
  2 ball pythons (D:2)
  3 giant cockroaches
  13 goblins
  7 hobgoblins
  23 jackals
  2 quokkas
  4 bats
  5 goblin zombies
  2 hobgoblin zombies (Ossuary)
  9 kobolds
  A kobold zombie (Ossuary)
  An orc zombie (Ossuary)
  A quokka skeleton (D:8)
  2 quokka zombies
  6 rats
  4 rat zombies (Ossuary)
199 creatures vanquished.

Vanquished Creatures (collateral kills)
  2 yaks (D:7)
  A hog (D:7)
  A crocodile (Sewer)
  A big kobold (D:9)
  An orc wizard (D:4)
  An adder (D:2)
  An orc (D:6)
  A gnoll zombie (Ossuary)
  2 kobolds (D:9)
  A frilled lizard (D:2)
  A rat zombie (Ossuary)
13 creatures vanquished.

Vanquished Creatures (others)
  An orc (D:4)
1 creature vanquished.

Grand Total: 213 creatures vanquished

Notes
Turn   | Place    | Note
-------+----------+-------------------------------------------
     0 | D:1      | TBriggs11TB the Demonspawn Berserker began the quest for
                  | the Orb.
     0 | D:1      | Reached XP level 1. HP: 18/18 MP: 1/1
   329 | D:1      | You fall through a shaft!
   353 | D:2      | Gained mutation: A weak demonic guardian rushes to your
                  | aid. [demonic ancestry]
   353 | D:2      | Reached XP level 2. HP: 19/24 MP: 2/2
   515 | D:2      | Reached XP level 3. HP: 27/29 MP: 3/3
   579 | D:2      | Found an ancient bone altar of Kikubaaqudgha.
   613 | D:2      | Noticed Sigmund
   643 | D:2      | Killed Sigmund
   643 | D:2      | Gained mutation: You have sharp toenails. [demonic
                  | ancestry]
   643 | D:2      | Reached XP level 4. HP: 22/37 MP: 4/4
   643 | D:2      | Reached XP level 5. HP: 25/42 MP: 5/5
   893 | D:2      | Reached ** piety under Trog
  2358 | D:1      | Reached skill level 1 in Unarmed Combat
  2854 | D:3      | Found a glowing drain.
  2858 | Sewer    | Entered a sewer
  2882 | Sewer    | Reached *** piety under Trog
  2919 | Sewer    | Noticed a crocodile
  2926 | Sewer    | Killed a crocodile
  2926 | Sewer    | Reached XP level 6. HP: 28/48 MP: 6/6
  4054 | D:4      | Reached skill level 4 in Fighting
  4313 | D:4      | Noticed Dowan
  4328 | D:4      | Killed Dowan
  4342 | D:4      | Noticed Duvessa
  4357 | D:4      | Killed Duvessa
  4357 | D:4      | Reached skill level 5 in Fighting
  4357 | D:4      | Reached XP level 7. HP: 52/56 MP: 7/7
  4649 | D:4      | Noticed Menkaure
  4655 | D:4      | Killed Menkaure
  4655 | D:4      | Reached skill level 6 in Fighting
  4895 | D:4      | Noticed Pikel
  4928 | D:4      | Killed Pikel
  4928 | D:4      | Reached skill level 8 in Fighting
  4928 | D:4      | Gained mutation: You are partially covered in slimy green
                  | scales. (AC +2) [demonic ancestry]
  4928 | D:4      | Reached XP level 8. HP: 42/68 MP: 8/8
  5266 | D:5      | Entered Level 5 of the Dungeon
  5765 | D:5      | Found a white marble altar of Elyvilon.
  5818 | D:5      | Found an iron altar of Okawaru.
  6062 | D:5      | Reached **** piety under Trog
  6291 | D:5      | Found a deep blue altar of Sif Muna.
  6435 | D:6      | Found a sand-covered staircase.
  6467 | Ossuary  | Entered an ossuary
  7076 | D:6      | Reached skill level 5 in Maces & Flails
  7146 | D:6      | Found Oziahall's Antique Weapon Shop.
  7149 | D:6      | Bought a dazzling hand axe for 160 gold pieces
  7149 | D:6      | Identified the cursed +0 hand axe "Ocoineta" {protect,
                  | *Corrode MR+ Dex+3} (You bought it in a shop on level 6 of
                  | the Dungeon)
  7166 | D:6      | Found Sufuw's Book Boutique.
  7262 | D:6      | Found Yjuekoni's General Store.
  7331 | D:6      | Found Jogeng Buta's Distillery.
  7334 | D:6      | Bought a potion of invisibility for 88 gold pieces
  7334 | D:6      | Bought a potion of lignification for 33 gold pieces
  7513 | D:6      | Found Ifufuw's Book Boutique.
  7559 | D:7      | Reached skill level 1 in Axes
  7577 | D:7      | Found a basalt altar of Yredelemnul.
  7604 | D:7      | Gained mutation: You are mostly covered in slimy green
                  | scales. (AC +3) [demonic ancestry]
  7604 | D:7      | Reached XP level 9. HP: 44/75 MP: 9/9
  7663 | D:7      | HP: 1/75 [yak (8)]
  7857 | D:7      | Reached skill level 5 in Axes
  8926 | D:7      | Found a staircase to the Ecumenical Temple.
  8972 | D:7      | Found a stormy altar of Qazlal.
  9186 | D:8      | Found Xoseumo's Armour Boutique.
  9295 | D:8      | Found Fott's General Store.
  9335 | D:8      | Found Ypoa's Jewellery Shop.
  9567 | D:8      | Reached ***** piety under Trog
  9913 | D:8      | Found Edidghua's Gadget Shop.
  9956 | D:8      | Reached XP level 10. HP: 77/81 MP: 10/10
 10050 | D:8      | Found Goomimnu's Food Shoppe.
 10570 | D:9      | Found a blossoming altar of Fedhas.
 10677 | D:9      | Reached skill level 9 in Fighting
 10687 | D:9      | Found a glowing silver altar of Zin.
 10957 | D:9      | HP: 2/124 [troll (5)]
 11431 | D:9      | Noticed Erica
 11472 | D:9      | Mangled by Erica

Skill      XL: |  1  2  3  4  5  6  7  8  9 10 |
---------------+-------------------------------+-----
Maces & Flails | 3 4 5 |  5.0
Armour         | 2 4 |  4.3
Dodging        | 2 4 |  4.1
Unarmed Combat | 2 3 |  3.2
Fighting       | 5 8 9 |  9.6
Axes           | 2 7 |  7.8
Stealth        | |  0.3

Action                   |  1- 3 |  4- 6 |  7- 9 | 10-12 || total
-------------------------+-------+-------+-------+-------++-------
Melee: Mace              |    60 |   319 |   347 |       ||   726
       Kick              |       |    15 |       |       ||    15
       Punch             |       |     2 |    16 |     2 ||    20
       Hand axe          |       |       |   365 |   120 ||   485
       Flail             |       |       |       |    26 ||    26
Invok: Berserk           |       |     1 |     1 |       ||     2
       Trog's Hand       |       |       |     3 |       ||     3
  Use: Scroll            |     1 |     8 |     4 |       ||    13
       Potion            |     1 |     2 |     2 |     1 ||     6
 Stab: Sleeping          |     1 |       |       |       ||     1
       Invisible         |       |       |     4 |       ||     4
  Eat: Ration            |       |     3 |     5 |     4 ||    12
       Chunk             |       |     3 |     7 |       ||    10
Armor: Scale mail        |    35 |   182 |   339 |    97 ||   653
       Animal skin       |     3 |       |       |       ||     3
       Skin              |       |       |       |    15 ||    15
Dodge: Dodged            |    40 |   201 |   395 |    86 ||   722
